 Dungeon Crawl Stone Soup version 0.23.2-33-g5129a83184 (webtiles) character file.

Game seed: 8170995431510612830

54 FishyPogo the Charmwright (level 4, 0/29 HPs)
             Began as a Halfling Skald on July 23, 2019.
             Succumbed to an adder's poison
             ... on level 2 of the Dungeon.
             The game lasted 00:10:01 (1164 turns).

FishyPogo the Charmwright (Halfling Skald)          Turns: 1164, Time: 00:10:02

Health: 0/29       AC:  7    Str: 13    XL:     4   Next: 12%
Magic:  4/6        EV: 13    Int: 11    God:
Gold:   40         SH:  0    Dex: 13    Spells: 5/6 levels left

rFire    . . .     SeeInvis +   a - +0 short sword
rCold    . . .     Gourm    .   (shield restricted)
rNeg     . . .     Faith    .   f - +0 ring mail
rPois    .         Spirit   +   q - +0 helmet
rElec    .         Reflect  .   h - +0 cloak
rCorr    .         Harm     .   (no gloves)
MR       .....                  (no boots)
Stlth    +.........             p - amulet of guardian spirit
HPRegen  0.09/turn              l - ring of see invisible
MPRegen  0.10/turn              (no ring)

@: lethally poisoned (0 -> -5)
A: small, mutation resistance 1
a: no special abilities


You were on level 2 of the Dungeon.
You were not hungry.

You visited 1 branch of the dungeon, and saw 2 of its levels.

You collected 40 gold pieces.

Inventory:

Hand Weapons
 a - a +0 short sword (weapon)
Missiles
 g - 4 tomahawks (quivered)
Armour
 b - a +0 leather armour
 f - a +0 ring mail (worn)
 h - a +0 cloak (worn)
 q - a +0 helmet (worn)
Jewellery
 l - a ring of see invisible (left hand)
 p - an amulet of guardian spirit (around neck)
Scrolls
 i - a scroll of teleportation
 j - 2 scrolls of fog
 m - 2 scrolls of remove curse {unknown}
 n - a scroll of fear {unknown}
 o - 3 scrolls of identify {unknown}
Comestibles
 c - 5 chunks of flesh
 d - 2 rations


   Skills:
 + Level 2.0 Fighting
 * Level 3.1 Short Blades
 * Level 1.9 Armour
 + Level 2.5 Dodging
 * Level 1.9 Spellcasting
 * Level 3.7 Charms


You had 5 spell levels left.
You knew the following spells:

 Your Spells              Type           Power        Failure   Level  Hunger
a - Infusion              Chrm           #...         13%         1    ##.....

Your spell library contained the following spells:

 Spells                   Type           Power        Failure   Level  Hunger
 Song of Slaying          Chrm           #.......     21%         2    ###....
 Shroud of Golubria       Chrm/Tloc      #.........   41%         2    ###....
 Regeneration             Chrm/Necr      #.........   65%         3    ####...
 Spectral Weapon          Hex/Chrm       #.......     65%         3    ####...


Dungeon Overview and Level Annotations

Branches:
Dungeon (2/15)

Altars:
Hepliaklqana


Innate Abilities, Weirdness & Mutations

You are small and have problems with some larger weapons.
You are somewhat resistant to further mutation.


Message History

You feel sick. The adder bites you but does no damage.
You closely miss the adder.
The adder is heavily wounded.
You feel a little less clever now.
The adder bites you but does no damage. x2
You hit the adder.
The adder is almost dead.
* * * LOW HITPOINT WARNING * * *
You feel sick. The adder misses you.
As you read the scroll labeled YWIAN XOATHRAAZURR, it crumbles to dust.
You feel strangely unstable.
It was a scroll of teleportation.
* * * LOW HITPOINT WARNING * * *
You feel sick. The adder barely misses you. The adder barely misses you.
* * * LOW HITPOINT WARNING * * *
You feel sick.
Your surroundings suddenly seem different.
* * * LOW HITPOINT WARNING * * *
You feel sick.
You die...

.'..'....'........#.#
.####....####.>..##.# .#
#....##.......#.#
.#######.##.##.#..#.##########
.....# #.#...................#
.....# #.#..##....#.#####.####
.....# #.#..##....#.#...#.#
.....# #.#..##....#.#.#<#.#
.....# #.#......@.#.#.###.#
.....# #.#...###.##.#.....#
.....# #.#...# #....#######
.....# #.###.# ###### .....#
#...#.####### .....#
###.#.......# .....#
#.#######.# .....# #.# #####.#
###### #.# #.....#


There were no monsters in sight!

Vanquished Creatures
  2 adders (D:2)
  3 dart slugs
  3 leopard geckos
  A bat (D:2)
  A giant cockroach (D:1)
  5 goblins
  3 hobgoblins
  A quokka (D:2)
  2 ball pythons
  2 frilled lizards (D:1)
  2 kobolds (D:1)
  3 rats
28 creatures vanquished.

Notes
Turn   | Place    | Note
-------+----------+-------------------------------------------
     0 | D:1      | FishyPogo the Halfling Skald began the quest for the Orb.
     0 | D:1      | Reached XP level 1. HP: 14/14 MP: 3/3
   218 | D:1      | Reached XP level 2. HP: 13/19 MP: 4/4
   742 | D:2      | Found a hazy altar of Hepliaklqana.
   764 | D:2      | Reached XP level 3. HP: 19/24 MP: 5/5
  1143 | D:2      | Reached XP level 4. HP: 14/29 MP: 4/6
  1159 | D:2      | HP: 1/29 [poisoned by an adder]
  1164 | D:2      | Succumbed to an adder's poison

Skill      XL: |  1  2  3 |
---------------+----------+-----
Short Blades   | 3 |  3.1
Fighting       | 2 |  2.0
Armour         | |  1.9
Dodging        | |  2.5
Spellcasting   | |  1.9
Charms         | |  3.7

Action                   |  1- 3 |  4- 6 || total
-------------------------+-------+-------++-------
Melee: Short sword       |   174 |    13 ||   187
Throw: Tomahawk          |     1 |       ||     1
  Use: Scroll            |     1 |     1 ||     2
       Potion            |     2 |       ||     2
  Eat: Chunk             |     1 |       ||     1
Armor: Ring mail         |    39 |     6 ||    45
Dodge: Dodged            |    96 |     9 ||   105
